 Dungeon Crawl Stone Soup version 0.23-a0-650-ga4d50d4d25 (webtiles) character file.

101804 Napalmbreeze the Devastator (level 16, -1/100 HPs)
             Began as a Tengu Air Elementalist on Jan 5, 2019.
             Was the Champion of Vehumet.
             Killed from afar by Nikola (29 damage)
             ... with a chain lightning
             ... on level 1 of the Swamp.
             The game lasted 02:56:47 (40073 turns).

Napalmbreeze the Devastator (TeAE)                 Turns: 40073, Time: 02:56:47

Health: -1/100     AC:  7    Str:  8    XL:     16   Next: 31%
Magic:  9/34       EV: 21    Int: 20    God:    Vehumet [******]
Gold:   1359       SH:  5    Dex: 16    Spells: 6/42 levels left

rFire    + . .     SeeInvis .   E - +1 trident "Earthworm" {freeze, rPois rC++ MR+ Dex-4}
rCold    + + .     Gourm    +   V - +0 buckler
rNeg     . . .     Faith    .   Y - +1 robe of Useumom {Dex+2}
rPois    +         Spirit   .   f - +2 hat
rElec    .         Reflect  .   r - scarf {repulsion}
rCorr    .         Harm     .   p - +1 pair of gloves
MR       ++...                  (boots unavailable)
Stlth    ++........             j - amulet of the gourmand
HPRegen  0.26/turn              D - ring of wizardry
MPRegen  0.24/turn              e - ring of protection from fire

@: flying quickly and evasively, repel missiles, quick
A: beak, talons 3, able to fly 2
a: Stop Flying, Renounce Religion


You were on level 1 of the Swamp.
You worshipped Vehumet.
Vehumet was exalted by your worship.
You were not hungry.

You visited 5 branches of the dungeon, and saw 25 of its levels.

You collected 2625 gold pieces.
You spent 1266 gold pieces at shops.

Inventory:

Hand Weapons
 E - the +1 trident "Earthworm" (weapon) {freeze, rPois rC++ MR+ Dex-4}
   (You found it on level 6 of the Dungeon)

   It has been specially enchanted to freeze those struck by it, causing extra
   injury to most foes and up to half again as much damage against particularly
   susceptible opponents.
   It can also slow down cold-blooded creatures.
   It affects your dexterity (-4).
   It greatly protects you from cold.
   It protects you from poison.
   It affects your resistance to hostile enchantments.
Armour
 f - a +2 hat (worn)
 p - a +1 pair of gloves (worn)
 r - a scarf of repulsion (worn)
 V - a +0 buckler (worn)
 Y - the +1 robe of Useumom (worn) {Dex+2}
   (You bought it in a shop on level 2 of the Orcish Mines)

   It affects your dexterity (+2).
Magical Staves
 A - an uncursed staff of fire
 K - an uncursed staff of conjuration
Jewellery
 e - a ring of protection from fire (right hand)
 j - an amulet of the gourmand (around neck)
 D - a ring of wizardry (left hand)
 T - an uncursed ring of positive energy
Wands
 o - a wand of clouds (11)
 w - a wand of flame (30)
 y - a wand of scattershot (3)
 z - a wand of digging (4)
 W - a wand of iceblast (4)
Scrolls
 a - 4 scrolls of identify
 b - 12 scrolls of teleportation
 s - 4 scrolls of magic mapping {unknown}
 t - a scroll of blinking
 u - 7 scrolls of remove curse
 x - 5 scrolls of amnesia
 B - a scroll of immolation
 C - 5 scrolls of enchant weapon
 F - 3 scrolls of enchant armour
 H - 3 scrolls of summoning
 J - 2 scrolls of fog
 O - a scroll of fear
Potions
 d - 7 potions of curing
 h - 7 potions of haste
 k - a potion of cancellation {unknown}
 l - 2 potions of flight
 n - 2 potions of heal wounds
 q - a potion of berserk rage {unknown}
 v - 9 potions of brilliance
 I - 5 potions of lignification
 L - 4 potions of might {unknown}
 M - 2 potions of magic {unknown}
 P - 2 potions of resistance
 Q - 3 potions of mutation {unknown}
 R - 2 potions of agility
 S - a potion of degeneration {unknown}
Comestibles
 c - 43 rations


   Skills:
 - Level 11.3 Fighting
 - Level 8.0 Dodging
 - Level 2.0 Stealth
 - Level 4.4 Shields
 + Level 13.9 Spellcasting
 - Level 16.3 Conjurations
 - Level 9.7 Summonings
 - Level 12.3 Air Magic
   Level 5.0 Poison Magic
 - Level 8.1 Evocations


You had 6 spell levels left.
You knew the following spells:

 Your Spells              Type           Power        Failure   Level  Hunger
c - Summon Lightning Spi  Summ/Air       ######..     1%          4    None
d - Static Discharge      Conj/Air       ######..     1%          3    None
e - Lightning Bolt        Conj/Air       ######....   1%          5    ####...
q - Spellforged Servitor  Conj/Summ      ######....   2%          7    #######
r - Orb of Destruction    Conj           ######....   1%          7    #######
s - Airstrike             Air            ######....   1%          4    None
w - Freezing Cloud        Conj/Ice/Air   ######....   1%          6    #####..

Your spell library contained the following spells:

 Spells                   Type           Power        Failure   Level  Hunger
 Shock                    Conj/Air       ####         0%          1    None
 Confusing Touch          Hex            ##....       1%          1    None
 Summon Small Mammal      Summ           ####         1%          1    None
 Call Imp                 Summ           ######..     1%          2    None
 Swiftness                Chrm/Air       #####...     1%          2    None
 Call Canine Familiar     Summ           ######..     1%          3    None
 Summon Guardian Golem    Hex/Summ       ####....     1%          3    None
 Bolt of Draining         Conj/Necr      #####.....   1%          5    ####...
 Bolt of Magma            Conj/Fire/Erth #####.....   1%          5    ####...
 Iskenderun's Battlesphe  Conj/Chrm      #####...     1%          5    ####...
 Venom Bolt               Conj/Pois      ######....   1%          5    ####...
 Conjure Ball Lightning   Conj/Air       ######....   1%          6    #####..
 Corpse Rot               Necr           N/A          2%          2    None
 Sublimation of Blood     Necr           ##........   2%          2    None
 Summon Ice Beast         Ice/Summ       ####....     2%          4    None
 Iron Shot                Conj/Erth      #####.....   3%          6    #####..
 Silence                  Hex/Air        #####.....   4%          5    ####...
 Confuse                  Hex            ##......     6%          3    None
 Gell's Gravitas          Tloc           ##........   6%          3    None
 Yara's Violent Unravell  Hex/Tmut       ##........   14%         5    ####...
 Petrify                  Tmut/Erth      ##......     19%         4    None
 Deflect Missiles         Chrm/Air       #####.....   22%         6    #####..
 Agony                    Necr           ##......     45%         5    ####...
 Dispel Undead            Necr           ##......     45%         5    ####...
 Excruciating Wounds      Chrm/Necr      ##........   45%         5    ####...
 Metabolic Englaciation   Hex/Ice        ##........   45%         5    ####...
 Tornado                  Air            ######....   90%         9    #######
 Ignition                 Fire           ##........   100%        8    #######
 Shatter                  Erth           ##........   100%        9    #######


Dungeon Overview and Level Annotations

Branches:
Dungeon (15/15)            Temple (1/1) D:4            Lair (6/6) D:10
  Swamp (1/4) Lair:4        Snake (0/4) Lair:4        Slime (0/5) Lair:5
    Orc (2/2) D:11            Elf (0/3) Orc:2        Vaults (0/5) D:13
 Depths (0/5) D:15

Altars:
Ashenzari
Cheibriados
Dithmenos
Elyvilon
Fedhas
Gozag
Hepliaklqana
Kikubaaqudgha
Makhleb
Nemelex Xobeh
Okawaru
Qazlal
Ru
Sif Muna
Trog
Uskayaw
Vehumet
Wu Jian
Xom
Yredelemnul
Zin
The Shining One
Beogh
Jiyva

Shops:
D:8 [   Orc:1 [   Orc:2 (:[*

Portals:
Hell: Lair:6
Trove: D:11 (lose all piety)

Annotations:
D:4 2 transporters
D:8 1 runed door, guttsta's ghost, novice SpEn
Swamp:1 Nikola


Innate Abilities, Weirdness & Mutations

You have a beak for a mouth.
You have claws for feet.
You can fly continuously.


Message History

Your spellforged servitor resists.
The zap misses you.
Unknown command.
Your spellforged servitor gestures at Nikola while chanting.
The bolt of lightning hits Nikola.
You smell burning wood.
Nikola is engulfed in freezing vapours.
Nikola asks, "Are you insulated?"
Nikola casts a spell.
You hear a mighty clap of thunder!
The lightning arc hits your spellforged servitor.
Your spellforged servitor resists.
The lightning arc hits you!
The lightning arc hits your spellforged servitor.
Your spellforged servitor resists.
The lightning arc hits you!
* * * LOW HITPOINT WARNING * * *
The lightning arc hits your spellforged servitor.
Your spellforged servitor resists.
The lightning arc hits you!
You die...

♣♣......≈≈.≈≈≈≈.♣≈.≈.=..≈≈..≈..§
♣≈≈≈≈.♣.≈≈≈≈≈≈≈.♣♣♣♣≈..≈.♣..≈♣♣.
♣.≈≈≈≈♣..≈≈≈≈≈≈≈§...≈..≈≈♣♣♣♣♣♣≈
♣.≈≈≈..≈.≈≈≈≈§≈≈≈≈≈≈.≈≈≈.≈♣ ♣♣
♣♣.≈≈.....≈≈≈...≈≈≈≈.≈≈≈.≈♣ ♣
♣≈..≈≈≈≈.≈≈≈≈≈..≈≈≈..≈≈≈.♣♣ ♣.
♣♣...≈≈≈..≈≈≈≈..≈≈≈.♣.≈≈♣♣ ...
♣...........≈≈.≈≈≈.♣≈..♣ ♣.≈≈
♣♣≈♣♣♣♣....♣♣≈@........♣ ♣♣♣♣
♣♣♣ ♣.≈≈≈..♣......≈≈.♣♣
♣.≈≈≈...♣≈≈.≈≈...♣
♣♣.....≈♣≈8....≈≈.
♣♣≈≈≈≈♣♣♣≈.§§..≈≈ ♣♣♣♣≈♣
♣§§§...≈≈ ♣♣♣ ♣@§.♣%≈ §§♣♣♣≈ ♣§♣


You could see Nikola and a friendly spellforged servitor.

Vanquished Creatures
  Saint Roka (Orc:2)
  Kirke (Lair:6)
  An ironheart preserver (D:13)
  Josephine (D:10)
  Harold (D:10)
  A ghost crab (Swamp:1)
  11 hydras
  2 centaur warriors
  3 two-headed ogres
  A tengu warrior (D:15)
  10 death yaks
  An orc high priest (Orc:2)
  A sixfirhy (Lair:6)
  3 unseen horrors
  A wizard (D:14)
  A lindwurm (Lair:4)
  A glowing orange brain (D:15)
  A shining eye (shapeshifter) (D:15)
  4 oklob plants (Lair:5)
  4 orc sorcerers (Orc:2)
  A manticore (Lair:5)
  2 deep elf magi (D:15)
  3 ugly things
  5 cyclopes
  A centaur zombie (D:11)
  4 elephants
  A black mamba (Lair:3)
  2 gargoyles
  11 spiny frogs
  A smoke demon (Lair:6)
  An orange demon (Lair:6)
  An efreet (D:15)
  4 rime drakes
  3 kobold demonologists
  9 komodo dragons
  2 red devils (Lair:6)
  2 tengu conjurers
  A queen bee (Lair:5)
  A troll (D:7)
  2 polar bears
  2 meliai (Lair:5)
  2 tyrant leeches (Swamp:1)
  4 hornets
  7 blink frogs
  6 slime creatures
  6 hippogriffs
  A bog body (Swamp:1)
  A vampire (D:12)
  6 wraiths
  A spriggan (D:7)
  A hog (shapeshifter) (D:14)
  4 wyverns
  2 shadows
  8 basilisks
  17 yaks
  4 hogs
  A human (Lair:6)
  8 vampire mosquitoes
  A steam dragon (D:9)
  2 hungry ghosts
  5 swamp worms
  7 water moccasins
  5 wargs
  11 porcupines
  3 hell hounds (Lair:6)
  9 orc warriors
  2 sky beasts
  2 ice beasts
  2 phantoms
  11 ogres
  6 wolves
  12 centaurs
  9 crocodiles
  Blork the orc (D:4)
  2 big kobolds (D:12)
  14 bullfrogs
  A wyvern zombie (D:13)
  A wyvern skeleton (D:10)
  2 scorpions (D:7)
  4 wights
  38 killer bees
  5 howler monkeys
  An electric eel (D:14)
  10 crimson imps
  2 bullfrog zombies
  A wyvern simulacrum (D:14)
  3 centaur skeletons
  8 hounds
  17 orc priests
  4 jellies
  2 bullfrog skeletons
  19 orc wizards
  Ijyb (D:4)
  2 iguanas
  9 worker ants
  2 hound zombies
  3 hound skeletons
  7 gnolls (D:4)
  14 adders
  A shadow imp (D:9)
  4 oozes
  An adder zombie (D:5)
  An adder skeleton (D:8)
  2 worms
  2 dart slugs
  5 leopard geckos
  56 orcs
  8 bats
  8 giant cockroaches
  11 goblins
  9 hobgoblins
  14 jackals
  11 quokkas
  6 ball pythons
  5 frilled lizards
  12 kobolds
  3 leopard gecko skeletons
  6 rats
  2 fungi
615 creatures vanquished.

Vanquished Creatures (collateral kills)
  Jorgrun (Swamp:1)
  Louise (Swamp:1)
  A catoblepas (D:14)
  3 hydras
  An alligator (shapeshifter) (D:15)
  3 two-headed ogres
  3 death yaks (Lair:5)
  An orc high priest (Orc:2)
  A tengu warrior (D:15)
  4 skeletal warriors (D:14)
  A deep elf mage (D:12)
  A wizard (Lair:6)
  A wolf spider zombie (D:15)
  5 orc knights
  5 cyclopes
  4 manticores
  An orc sorcerer (Orc:2)
  9 ugly things
  2 black mambas (Lair:4)
  2 elephants (Lair:5)
  A spiny frog (shapeshifter) (D:15)
  11 spiny frogs
  A yaktaur (shapeshifter) (D:15)
  2 komodo dragons
  A redback zombie (D:14)
  A komodo dragon (shapeshifter) (D:15)
  A troll (D:11)
  2 ice devils (Lair:6)
  A meliai (Lair:5)
  A polar bear (Lair:5)
  A tyrant leech (Swamp:1)
  A hornet (Swamp:1)
  5 blink frogs
  A hippogriff (Lair:6)
  A dream sheep (Lair:6)
  15 slime creatures
  A spriggan (Swamp:1)
  16 yaks
  A hog (Lair:6)
  3 basilisks
  A hungry ghost (D:15)
  6 vampire mosquitoes
  5 wargs
  3 swamp worms
  2 soldier ants
  4 porcupines
  A hell hound (Lair:6)
  17 water moccasins
  20 orc warriors
  A swamp drake (Swamp:1)
  A phantom (D:14)
  5 ogres
  5 wolves
  4 centaurs (D:14)
  2 big kobolds (D:12)
  10 crocodiles
  7 bullfrogs
  A scorpion (Lair:2)
  12 killer bees
  4 wights (D:13)
  2 crimson imps
  A bullfrog zombie (D:12)
  A hound (D:14)
  6 orc priests
  11 orc wizards
  A bullfrog skeleton (D:13)
  An iguana (D:12)
  A worker ant (D:12)
  A shadow imp (D:12)
  30 orcs
  A jackal (D:9)
  2 fungi
286 creatures vanquished.

Vanquished Creatures (others)
  A spiny frog (Lair:6)
  A slime creature (D:15)
  A crocodile (Lair:5)
  An orc priest (Orc:1)
  5 bushes (D:15)
  28 fungi
  15 plants
52 creatures vanquished.

Grand Total: 953 creatures vanquished

Notes
Turn   | Place    | Note
-------+----------+-------------------------------------------
     0 | D:1      | Napalmbreeze the Tengu Air Elementalist began the quest for
                  | the Orb.
     0 | D:1      | Reached XP level 1. HP: 10/10 MP: 4/4
   255 | D:1      | Reached skill level 2 in Conjurations
   476 | D:1      | Reached XP level 2. HP: 15/15 MP: 1/6
   887 | D:1      | Reached XP level 3. HP: 19/19 MP: 3/7
   892 | D:1      | Learned a level 3 spell: Static Discharge
  1086 | D:1      | Reached skill level 3 in Conjurations
  1769 | D:2      | Reached XP level 4. HP: 24/24 MP: 5/8
  2123 | D:2      | Reached skill level 4 in Conjurations
  2581 | D:2      | Reached skill level 5 in Air Magic
  2881 | D:3      | Learned a level 4 spell: Airstrike
  2942 | D:3      | Gained mutation: You can fly. [Tengu growth]
  2942 | D:3      | Reached XP level 5. HP: 26/28 MP: 8/10
  3051 | D:3      | Noticed an ogre
  3071 | D:3      | Killed an ogre
  3071 | D:3      | Reached XP level 6. HP: 32/32 MP: 1/12
  3333 | D:3      | Reached skill level 5 in Conjurations
  3440 | D:3      | Found a shattered altar of Ashenzari.
  3951 | D:3      | Learned a level 5 spell: Lightning Bolt
  3957 | D:4      | Noticed Blork the orc
  3963 | D:4      | Killed Blork the orc
  4171 | D:4      | Reached XP level 7. HP: 36/36 MP: 5/14
  4446 | D:4      | Got a spiked leather armour
  4459 | D:4      | Identified the +0 leather armour "Saezuob" {Str+4 Dex+3}
                  | (You found it on level 4 of the Dungeon)
  4527 | D:4      | Found a transporter.
  4702 | D:4      | Noticed Ijyb
  4705 | D:4      | Reached skill level 5 in Spellcasting
  4705 | D:4      | Reached skill level 6 in Conjurations
  4737 | D:4      | Killed Ijyb
  4993 | D:4      | Found a staircase to the Ecumenical Temple.
  5410 | D:4      | Reached XP level 8. HP: 41/41 MP: 0/17
  5700 | Temple   | Entered the Ecumenical Temple
  5802 | Temple   | Became a worshipper of Vehumet
  6013 | D:4      | Reached skill level 7 in Conjurations
  6182 | D:4      | Found a transporter.
  6532 | D:5      | Entered Level 5 of the Dungeon
  6683 | D:5      | Reached skill level 8 in Conjurations
  7061 | D:5      | Reached * piety under Vehumet
  7061 | D:5      | Offered knowledge of Magic Dart by Vehumet.
  7482 | D:6      | Reached skill level 9 in Conjurations
  7482 | D:6      | Reached XP level 9. HP: 45/45 MP: 5/20
  7877 | D:6      | Got a warped trident
  7878 | D:6      | Identified the cursed +1 trident "Earthworm" {freeze, rPois
                  | rC++ MR+ Dex-4} (You found it on level 6 of the Dungeon)
  8168 | D:6      | Reached skill level 1 in Fighting
  8787 | D:7      | Reached skill level 10 in Conjurations
  8898 | D:7      | Noticed a troll
  8959 | D:7      | Killed a troll
  9146 | D:7      | Noticed a white ugly thing
  9155 | D:7      | Noticed a hornet
  9330 | D:7      | Reached ** piety under Vehumet
  9330 | D:7      | Offered knowledge of Throw Flame by Vehumet.
  9568 | D:7      | Killed a hornet
  9568 | D:7      | Reached XP level 10. HP: 56/56 MP: 9/22
 10067 | D:7      | Killed a white ugly thing
 10229 | D:8      | Reached skill level 10 in Air Magic
 10334 | D:8      | Found Cheibriados's Comfort Zone.
 10336 | D:8      | Found a snail-covered altar of Cheibriados.
 10557 | D:8      | Found a runed door.
 10559 | D:8      | Noticed guttsta's ghost (novice SpEn)
 10624 | D:8      | Reached skill level 5 in Dodging
 10633 | D:8      | Learned a level 4 spell: Summon Lightning Spire
 11786 | D:9      | Offered knowledge of Mephitic Cloud by Vehumet.
 11863 | D:9      | Reached skill level 1 in Summonings
 11864 | D:9      | Reached skill level 5 in Fighting
 11928 | D:9      | Found a stormy altar of Qazlal.
 12028 | D:9      | Noticed a two-headed ogre
 12031 | D:9      | Killed a two-headed ogre
 12112 | D:10     | Entered Level 10 of the Dungeon
 12129 | D:10     | Reached *** piety under Vehumet
 12129 | D:10     | Reached XP level 11. HP: 51/64 MP: 14/24
 12140 | D:10     | Noticed Harold
 12559 | D:10     | Killed Harold
 12687 | D:10     | Noticed Josephine
 12698 | D:10     | Killed Josephine
 12698 | D:10     | Offered knowledge of Ignite Poison by Vehumet.
 12698 | D:10     | Reached skill level 11 in Conjurations
 13852 | D:10     | Found a staircase to the Lair.
 14632 | Lair:1   | Entered Level 1 of the Lair of Beasts
 14979 | Lair:1   | Reached **** piety under Vehumet
 15482 | Lair:1   | Reached skill level 12 in Conjurations
 15737 | Lair:1   | Reached XP level 12. HP: 72/72 MP: 15/26
 16088 | Lair:2   | Offered knowledge of Olgreb's Toxic Radiance by Vehumet.
 17290 | Lair:2   | Learned a level 4 spell: Olgreb's Toxic Radiance
 17480 | Lair:3   | Noticed a death yak
 17498 | Lair:3   | Noticed a death yak
 17500 | Lair:3   | Killed a death yak
 17503 | Lair:3   | Noticed a death yak
 17587 | Lair:2   | Killed a death yak
 17587 | Lair:2   | Reached skill level 10 in Spellcasting
 17587 | Lair:2   | Reached skill level 1 in Poison Magic
 17972 | Lair:3   | Noticed a five-headed hydra
 18090 | Lair:3   | Killed a five-headed hydra
 18823 | Lair:3   | Killed a death yak
 19304 | Lair:3   | Reached skill level 13 in Conjurations
 19356 | Lair:4   | Noticed a seven-headed hydra
 19966 | Lair:4   | Noticed a four-headed hydra
 19967 | Lair:4   | Found a staircase to the Snake Pit.
 20003 | Lair:4   | Killed a four-headed hydra
 20152 | Lair:4   | Noticed a six-headed hydra
 20155 | Lair:4   | Killed a six-headed hydra
 20346 | Lair:4   | Reached XP level 13. HP: 80/80 MP: 22/28
 20493 | Lair:4   | Reached skill level 1 in Evocations
 21372 | Lair:4   | Found a staircase to the Swamp.
 22173 | Lair:5   | Reached ***** piety under Vehumet
 22173 | Lair:5   | Offered knowledge of Fulminant Prism by Vehumet.
 22849 | Lair:5   | Reached skill level 5 in Poison Magic
 23009 | Lair:5   | Reached skill level 14 in Conjurations
 23644 | Lair:5   | Found a viscous altar of Jiyva.
 23645 | Lair:5   | Found a staircase to the Slime Pits.
 24623 | Lair:5   | Reached skill level 10 in Fighting
 24685 | Lair:6   | Entered Level 6 of the Lair of Beasts
 24699 | Lair:6   | Gained mutation: You can fly continuously. [Tengu growth]
 24699 | Lair:6   | Reached XP level 14. HP: 88/88 MP: 12/30
 24848 | Lair:6   | Noticed Kirke
 24850 | Lair:6   | Reached skill level 5 in Evocations
 25325 | Lair:5   | Found a staircase to the Slime Pits.
 25325 | Lair:5   | Found a viscous altar of Jiyva.
 26048 | Lair:6   | Offered knowledge of Poison Arrow by Vehumet.
 26081 | Lair:6   | Killed Kirke
 26081 | Lair:6   | Reached skill level 15 in Conjurations
 28198 | Lair:6   | Found a burning altar of Makhleb.
 28203 | Lair:6   | Found a gateway to Hell.
 28727 | D:11     | Got a distressingly furry robe
 28741 | D:11     | Identified the +0 robe "Cuetros" {Str+10 Int-2 Stlth+} (You
                  | found it on level 11 of the Dungeon)
 28767 | D:11     | Found a portal to a secret trove of treasure.
 28924 | D:11     | Found a staircase to the Orcish Mines.
 29601 | D:11     | Found a staircase to the Orcish Mines.
 29684 | D:11     | Found a portal to a secret trove of treasure.
 31254 | D:13     | Reached skill level 1 in Shields
 31526 | D:13     | Reached XP level 15. HP: 92/92 MP: 19/32
 31591 | D:13     | Found a snail-covered altar of Cheibriados.
 32218 | D:13     | Learned a level 7 spell: Orb of Destruction
 32226 | D:13     | Learned a level 7 spell: Spellforged Servitor
 32424 | D:13     | Found a gate to the Vaults.
 32718 | D:14     | Reached skill level 5 in Summonings
 32949 | D:14     | Reached ****** piety under Vehumet
 34223 | D:15     | Entered Level 15 of the Dungeon
 34488 | D:15     | Offered knowledge of Irradiate by Vehumet.
 35747 | D:15     | Found a staircase to the Depths.
 35928 | D:15     | Reached skill level 16 in Conjurations
 36502 | Orc:1    | Entered Level 1 of the Orcish Mines
 36607 | Orc:1    | Offered knowledge of Fireball by Vehumet.
 36772 | Orc:2    | Entered Level 2 of the Orcish Mines
 37333 | Orc:1    | Found Biceozxe's Armour Emporium.
 37362 | Orc:1    | Found a burning altar of Makhleb.
 37718 | Orc:2    | Reached XP level 16. HP: 88/100 MP: 10/34
 37721 | Orc:2    | Noticed Saint Roka
 37985 | Orc:2    | Found a roughly hewn altar of Beogh.
 38024 | Orc:2    | Found a staircase to the Elven Halls.
 38099 | Orc:2    | Offered knowledge of Freezing Cloud by Vehumet.
 38110 | Orc:2    | Killed Saint Roka
 38217 | Orc:2    | Learned a level 6 spell: Freezing Cloud
 38417 | Orc:2    | Found a roughly hewn altar of Beogh.
 38559 | Orc:2    | Found Kesyvercho's General Store.
 38574 | Orc:2    | Found Jafetoet's Book Boutique.
 38582 | Orc:2    | Bought a book of the Tempests for 1050 gold pieces
 38590 | Orc:2    | Found Fukop's Antique Armour Boutique.
 38603 | Orc:2    | Bought a brightly glowing robe for 216 gold pieces
 38612 | Orc:2    | Found Ileittoc's Antique Weapon Boutique.
 38764 | Orc:2    | Identified the +1 robe of Useumom {Dex+2} (You bought it in
                  | a shop on level 2 of the Orcish Mines)
 38991 | Swamp:1  | Entered Level 1 of the Swamp
 39747 | Swamp:1  | Noticed Louise
 39755 | Swamp:1  | Noticed Jorgrun
 39760 | Swamp:1  | Killed Jorgrun
 39764 | Swamp:1  | Killed Louise
 40064 | Swamp:1  | Noticed Nikola
 40073 | Swamp:1  | Killed from afar by Nikola

Vault maps used:
D:1:      scummos_arrival_forest, minmay_fountain_box
D:2:      minmay_spotlight
D:3:      lemuel_round_altar, kennysheep_generic_room_3
D:4:      gammafunk_cloud_chamber, minmay_temple_entry_proselytizer,
          first_ration, columned_hall_lemuel, hangedman_decor_lopped,
          kennysheep_generic_room_15, uniq_ijyb, uniq_blork_the_orc
D:5:      serial_bayou_pond_b
D:7:      minmay_blocky_corners, the_bakery
D:8:      ebering_ghost_reflecting_pool, minmay_shop_chei
D:9:      hangedman_decor_growths, nicolae_qazlal_eye_of_the_storm
D:10:     erik_lair_orcish_takeover, uniq_harold, uniq_josephine
D:11:     minmay_orc_entry_guard_dogs, nicolae_trove_entry_diagonal
D:12:     uniq_azrael
D:13:     skrybe_vaults_entry_preservation, cheibriados_altar_1
D:14:     minivault_27, nicolae_lava_and_water
D:15:     gammafunk_enter_depths_forms, serial_park_square1
Temple:   kilobyte_greek_temple
Lair:1:   beast_lair_carwin_4
Lair:4:   palyth_hydra_swamp_entry, minmay_snake_entry_six_corridors
Lair:5:   hangedman_what_comes_after_a, slime_altar_1, st_stairs_11,
          grunt_megastairs_3, infiniplex_staircase_pool, lemuel_fruit_tree
Lair:6:   evil_forest, uniq_kirke
Swamp:1:  evilmike_swamp_ruin_house_2, uniq_louise, uniq_nikola, uniq_jorgrun
Orc:1:    basic_altar, serial_shops, shop
Orc:2:    grunt_orc_cross, mines2_david

Skill      XL: |  1  2  3  4  5  6  7  8  9 10 11 12 13 14 15 |
---------------+----------------------------------------------+-----
Conjurations   | 2 3 4 5 6 9 10 12 13 14 15 16 | 16.3
Air Magic      | 5 6 8 9 10 11 12 | 12.3
Spellcasting   | 3 4 5 6 7 8 9 10 11 12 13 | 13.9
Fighting       | 3 5 7 8 10 11 | 11.3
Dodging        | 4 6 8 |  8.0
Summonings     | 3 4 9 |  9.7
Poison Magic   | 3 5 |  5.0
Evocations     | 4 8 |  8.1
Shields        | 2 4 |  4.4
Stealth        | |  2.0

Action                   |  1- 3 |  4- 6 |  7- 9 | 10-12 | 13-15 | 16-18 || total
-------------------------+-------+-------+-------+-------+-------+-------++-------
Melee: Hand axe          |     9 |    21 |     4 |       |       |       ||    34
       Kick              |     1 |     2 |     6 |    11 |    28 |     7 ||    55
       Peck              |       |     3 |     6 |     3 |    25 |     2 ||    39
       Dagger            |       |       |    18 |       |       |       ||    18
       Trident           |       |       |    11 |    70 |   191 |    27 ||   299
       Staff             |       |       |       |       |     7 |       ||     7
 Cast: Shock             |    70 |   104 |   201 |   211 |    97 |       ||   683
       Static Discharge  |     2 |     7 |     9 |    17 |    46 |     4 ||    85
       Airstrike         |       |     5 |    39 |    94 |   218 |    25 ||   381
       Lightning Bolt    |       |       |     9 |    59 |   154 |    12 ||   234
       Summon Lightning  |       |       |       |    60 |   127 |     6 ||   193
       Olgreb's Toxic Ra |       |       |       |       |    38 |       ||    38
       Spellforged Servi |       |       |       |       |    24 |    12 ||    36
       Orb of Destructio |       |       |       |       |    17 |    17 ||    34
       Freezing Cloud    |       |       |       |       |       |     2 ||     2
 Abil: Fly               |       |       |       |       |     2 |       ||     2
Evoke: Wand              |       |       |       |     1 |    14 |       ||    15
  Use: Scroll            |       |       |    12 |     7 |     7 |     3 ||    29
       Potion            |       |       |       |     1 |     4 |       ||     5
 Stab: Sleeping          |       |     1 |     1 |     1 |       |       ||     3
       Distracted        |       |       |       |     1 |     5 |       ||     6
  Eat: Chunk             |     4 |     8 |    34 |    54 |   101 |    15 ||   216
       Ration            |       |       |     1 |       |     2 |       ||     3
Armor: Robe              |     2 |     8 |     6 |       |       |     3 ||    19
       Troll leather arm |       |       |    13 |    40 |    97 |     1 ||   151
Dodge: Dodged            |    17 |    30 |    67 |   132 |   319 |    21 ||   586
       Deflected         |       |       |       |     2 |    29 |     1 ||    32
Block: Buckler           |       |       |       |       |    18 |     4 ||    22

Table legend:
 A = Non-vault XP
 B = Vault XP
 C = Vault XP percentage of total XP
 D = Non-vault monster count
 E = Vault monster count
 F = Vault count percentage of total count
                 A         B        C        D         E       F
            +---------+---------+-------+---------+---------+-------
      Total |   98148 |   47287 |  32.5 |     677 |     222 |  24.7
            +---------+---------+-------+---------+---------+-------
        D:1 |      55 |       0 |   0.0 |      27 |       0 |   0.0
        D:2 |      96 |      10 |   9.4 |      35 |       5 |  12.5
        D:3 |     334 |       2 |   0.6 |      26 |       1 |   3.7
        D:4 |    1077 |     177 |  14.1 |      34 |       4 |  10.5
        D:5 |     417 |     139 |  25.0 |      16 |       3 |  15.8
        D:6 |     752 |       0 |   0.0 |      18 |       0 |   0.0
        D:7 |    1125 |    1106 |  49.6 |      25 |       4 |  13.8
        D:8 |     594 |       0 |   0.0 |      15 |       0 |   0.0
        D:9 |    3287 |       0 |   0.0 |      28 |       0 |   0.0
       D:10 |    1658 |    3104 |  65.2 |      17 |      15 |  46.9
       D:11 |    4218 |     557 |  11.7 |      29 |       4 |  12.1
       D:12 |    5002 |       0 |   0.0 |      43 |       0 |   0.0
       D:13 |    5617 |    2586 |  31.5 |      40 |       9 |  18.4
       D:14 |   10111 |       0 |   0.0 |      45 |       0 |   0.0
       D:15 |   14006 |    3390 |  19.5 |      43 |      10 |  18.9
     Lair:1 |    3813 |     858 |  18.4 |      24 |       5 |  17.2
     Lair:2 |    3202 |       0 |   0.0 |      20 |       0 |   0.0
     Lair:3 |    5788 |       0 |   0.0 |      21 |       0 |   0.0
     Lair:4 |    5058 |    3938 |  43.8 |      19 |      18 |  48.6
     Lair:5 |    8239 |   11638 |  58.6 |      28 |      71 |  71.7
     Lair:6 |    9865 |    8972 |  47.6 |      33 |      27 |  45.0
    Swamp:1 |    7746 |    2681 |  25.7 |      26 |       2 |   7.1
      Orc:1 |    1490 |       0 |   0.0 |      37 |       0 |   0.0
      Orc:2 |    4598 |    8129 |  63.9 |      28 |      44 |  61.1
            +---------+---------+-------+---------+---------+-------
